[Event "95th Caplin Hastings Congress"]
[Site "Hastings"]
[Date "2019.12.29"]
[Round "2.30"]
[White "Spanton, Tim R"]
[Black "Brozel, Sacha"]
[Result "0-1"]
[ECO "A36"]
[WhiteElo "1951"]
[BlackElo "2188"]
[Annotator "NA"]
[PlyCount "60"]
[EventDate "2019.12.28"]
[EventType "swiss"]
[EventCountry "ENG"]
[SourceTitle "playchess.com"]
[Source "ChessBase"]
[SourceQuality "1"]
[TimeControl "40/6600+30:3000+30"]

1. c4 c5 2. Nc3 Nc6 3. g3 g6 4. Bg2 Bg7 5. d3 d6 6. e4 e6 7. Nge2 Nge7 8. O-O O-O 9. Rb1 b6 10. a3 Bb7 11. b4 Qd7 12. b5 Nd4 13. Nxd4 cxd4 14. Ne2 f5 15. exf5 Bxg2 16. Kxg2 Nxf5 17. Nf4 Ne7 18. Qg4 Rf5 19. Re1 e5 20. Qe2 Raf8 21. Rb2 Qc8 22. Qe4 exf4 23. Qxe7 f3+ 24. Kh1 Re5 25. Rxe5 dxe5 26. Qh4 e4 27. Bh6 Bxh6 28. Qxh6 e3 29. Kg1 e2 30. Rb1 Qf5 0-1

[Event "95th Caplin Hastings Congress"]
[Site "Hastings"]
[Date "2019.12.29"]
[Round "2.31"]
[White "Bin-Suhayl, Ieysaa"]
[Black "Ortiz Sanchez, Luis"]
[Result "1-0"]
[ECO "A88"]
[WhiteElo "2187"]
[BlackElo "1947"]
[Annotator "NA"]
[PlyCount "57"]
[EventDate "2019.12.28"]
[EventType "swiss"]
[EventCountry "ENG"]
[SourceTitle "playchess.com"]
[Source "ChessBase"]
[SourceQuality "1"]
[TimeControl "40/6600+30:3000+30"]

1. d4 f5 2. g3 Nf6 3. Bg2 g6 4. c4 Bg7 5. Nf3 O-O 6. O-O d6 7. Qc2 c6 8. Nc3 Na6 9. a3 Qe8 10. Re1 e5 11. dxe5 dxe5 12. e4 f4 13. gxf4 Nh5 14. Nxe5 Nxf4 15. Bxf4 Rxf4 16. Nd3 Rh4 17. Ne2 Nc7 18. f4 Bh3 19. Bxh3 Rxh3 20. Ng3 Ne6 21. e5 Rd8 22. Rad1 Rh4 23. Rf1 Rd4 24. f5 gxf5 25. Nxf5 Rxc4 26. Qf2 Rhg4+ 27. Kh1 Bf8 28. Ne3 Bc5 29. Nxg4 1-0

[Event "95th Caplin Hastings Congress"]
[Site "Hastings"]
[Date "2019.12.29"]
[Round "2.32"]
[White "Barton, R Alan"]
[Black "Gallagher, Daniel GH"]
[Result "0-1"]
[ECO "E61"]
[WhiteElo "1945"]
[BlackElo "2171"]
[Annotator "NA"]
[PlyCount "138"]
[EventDate "2019.12.28"]
[EventType "swiss"]
[EventCountry "ENG"]
[SourceTitle "playchess.com"]
[Source "ChessBase"]
[SourceQuality "1"]
[TimeControl "40/6600+30:3000+30"]

1. d4 Nf6 2. Nf3 g6 3. c4 Bg7 4. Nc3 O-O 5. Bg5 c5 6. d5 h6 7. Bh4 b5 8. e4 b4 9. e5 bxc3 10. exf6 exf6 11. bxc3 g5 12. Bg3 f5 13. Bxb8 Bxc3+ 14. Nd2 Rxb8 15. Rc1 Qf6 16. Be2 Re8 17. O-O Rb2 18. Nb1 Bd4 19. Rc2 Rxc2 20. Qxc2 d6 21. Bd3 g4 22. Nd2 h5 23. Rb1 h4 24. Nb3 Bc3 25. Nc1 Re1+ 26. Bf1 Ba6 27. Ne2 Rxb1 28. Qxb1 Be5 29. Qb3 Kg7 30. Qa4 Bc8 31. Qe8 Ba6 32. Qa4 f4 33. Qxa6 f3 34. Qc8 Qg5 35. g3 fxe2 36. Bxe2 Qc1+ 37. Bf1 Qg5 38. Qd7 h3 39. Be2 Qc1+ 40. Bf1 Qd1 41. Qf5 Bf6 42. Qe4 a5 43. Qe2 Qd4 44. a4 Be5 45. Qe1 f5 46. Qe3 Kg6 47. Qxd4 Bxd4 48. Bd3 Kg5 49. Kf1 f4 50. Be4 Bc3 51. f3 Be5 52. Kf2 Bd4+ 53. Kf1 Be3 54. fxg4 fxg3 55. hxg3 Kxg4 56. Ke2 Bd4 57. Kf1 Kxg3 58. Bf5 h2 59. Be4 Kf4 60. Bg2 Ke3 61. Ke1 Kd3 62. Kd1 Kxc4 63. Kc2 Kb4 64. Kd3 Kxa4 65. Kc4 Ka3 66. Bf3 a4 67. Kb5 Kb3 68. Bd1+ Kb2 69. Bf3 a3 0-1

[Event "95th Caplin Hastings Congress"]
[Site "Hastings"]
[Date "2019.12.29"]
[Round "2.33"]
[White "Anderson, John"]
[Black "Chapman, Matt"]
[Result "1/2-1/2"]
[ECO "D19"]
[WhiteElo "2163"]
[BlackElo "1937"]
[Annotator "NA"]
[PlyCount "45"]
[EventDate "2019.12.28"]
[EventType "swiss"]
[EventCountry "ENG"]
[SourceTitle "playchess.com"]
[Source "ChessBase"]
[SourceQuality "1"]
[TimeControl "40/6600+30:3000+30"]

1. Nf3 d5 2. d4 Nf6 3. c4 c6 4. Nc3 dxc4 5. a4 Bf5 6. e3 e6 7. Bxc4 Bb4 8. O-O O-O 9. Qe2 Nbd7 10. e4 Bg6 11. Bd3 Bh5 12. Bf4 Qa5 13. Na2 Be7 14. Rfc1 e5 15. b4 Qc7 16. Bg3 Bxf3 17. Qxf3 Qd6 18. d5 cxd5 19. exd5 Qxd5 20. Qxd5 Nxd5 21. Be4 N7f6 22. Bxd5 Nxd5 23. Bxe5 1/2-1/2

[Event "95th Caplin Hastings Congress"]
[Site "Hastings"]
[Date "2019.12.29"]
[Round "2.34"]
[White "Graham, David B"]
[Black "Thorpe, Thomas"]
[Result "1-0"]
[ECO "B77"]
[WhiteElo "2152"]
[BlackElo "1924"]
[Annotator "NA"]
[PlyCount "59"]
[EventDate "2019.12.28"]
[EventType "swiss"]
[EventCountry "ENG"]
[SourceTitle "playchess.com"]
[Source "ChessBase"]
[SourceQuality "1"]
[TimeControl "40/6600+30:3000+30"]

1. e4 c5 2. Nf3 Nc6 3. d4 cxd4 4. Nxd4 g6 5. Nc3 Bg7 6. Be3 Nf6 7. Bc4 O-O 8. Bb3 d6 9. f3 Bd7 10. Qd2 Rb8 11. h4 h5 12. Nxc6 bxc6 13. Bxa7 Rb7 14. Be3 Qb8 15. Bh6 Bxh6 16. Qxh6 d5 17. O-O-O Rc8 18. Rhe1 e5 19. Qg5 Nh7 20. Qg3 d4 21. Qxg6+ Kh8 22. Qxf7 Bg4 23. Qg6 c5 24. fxg4 c4 25. Rf1 cxb3 26. Rf7 Rxf7 27. Qxf7 bxc2 28. Kxc2 Qb5 29. Qd5 Qe2+ 30. Rd2 1-0

[Event "95th Caplin Hastings Congress"]
[Site "Hastings"]
[Date "2019.12.29"]
[Round "2.35"]
[White "Eames, Robert S"]
[Black "Jukes, Sam"]
[Result "1-0"]
[ECO "C67"]
[WhiteElo "2150"]
[BlackElo "1906"]
[Annotator "NA"]
[PlyCount "87"]
[EventDate "2019.12.28"]
[EventType "swiss"]
[EventCountry "ENG"]
[SourceTitle "playchess.com"]
[Source "ChessBase"]
[SourceQuality "1"]
[TimeControl "40/6600+30:3000+30"]

1. e4 e5 2. Nf3 Nc6 3. Bb5 Nf6 4. O-O Nxe4 5. Re1 Nd6 6. Nxe5 Nxe5 7. Rxe5+ Be7 8. Bf1 O-O 9. d4 Bf6 10. Re1 Nf5 11. d5 d6 12. Nd2 c5 13. Ne4 Be7 14. g3 a6 15. a4 Bd7 16. Bf4 b5 17. axb5 Bxb5 18. Bh3 Bd7 19. c3 Ne3 20. Rxe3 Bxh3 21. g4 Bxg4 22. Qxg4 f5 23. Qh3 fxe4 24. Rxe4 Rf6 25. Rae1 Bf8 26. Qe3 Qc8 27. Bg5 Rg6 28. Re6 Ra7 29. f4 Rxe6 30. dxe6 Be7 31. f5 Qd8 32. Bf4 Rb7 33. Re2 a5 34. Qg3 a4 35. Rg2 Bh4 36. Qf3 Rb6 37. Qd5 Kh8 38. Re2 h6 39. e7 Bxe7 40. Qf7 Rb7 41. f6 gxf6 42. Rg2 Qf8 43. Qd5 Rb8 44. Qh5 1-0

[Event "95th Caplin Hastings Congress"]
[Site "Hastings"]
[Date "2019.12.29"]
[Round "2.36"]
[White "Faulks, Nick"]
[Black "Gutierrez Carmona, Juan Alejandr"]
[Result "0-1"]
[ECO "C33"]
[WhiteElo "1900"]
[BlackElo "2146"]
[Annotator "NA"]
[PlyCount "68"]
[EventDate "2019.12.28"]
[EventType "swiss"]
[EventCountry "ENG"]
[SourceTitle "playchess.com"]
[Source "ChessBase"]
[SourceQuality "1"]
[TimeControl "40/6600+30:3000+30"]

1. e4 e5 2. f4 exf4 3. Bc4 d6 4. d4 Qh4+ 5. Kf1 g5 6. Nc3 c6 7. Nf3 Qh5 8. h4 Bg4 9. Kf2 gxh4 10. Bxf4 Be7 11. Qd2 Nd7 12. Nxh4 Bxh4+ 13. g3 Bxg3+ 14. Bxg3 Qg6 15. Qf4 Rd8 16. Ke3 h5 17. Raf1 Rh7 18. Bh4 Ne7 19. Rh2 Nf8 20. d5 Nd7 21. dxc6 bxc6 22. Bb3 f5 23. Kd2 Nf6 24. exf5 Nxf5 25. Ne4 Nxe4+ 26. Qxe4+ Kd7 27. Bxd8 Kxd8 28. Rhf2 d5 29. Qf4 Rf7 30. Qb8+ Ke7 31. Qe5+ Kd7 32. Qf4 Nd6 33. Qd4 Ne4+ 34. Kc1 Qg5+ 0-1

[Event "95th Caplin Hastings Congress"]
[Site "Hastings"]
[Date "2019.12.29"]
[Round "2.37"]
[White "De Boer, Bas"]
[Black "Metcalfe, Charlie P"]
[Result "1-0"]
[ECO "D27"]
[WhiteElo "2138"]
[BlackElo "1867"]
[Annotator "NA"]
[PlyCount "57"]
[EventDate "2019.12.28"]
[EventType "swiss"]
[EventCountry "ENG"]
[SourceTitle "playchess.com"]
[Source "ChessBase"]
[SourceQuality "1"]
[TimeControl "40/6600+30:3000+30"]

1. Nf3 d5 2. e3 Nf6 3. c4 dxc4 4. Bxc4 e6 5. O-O a6 6. d4 c5 7. b3 cxd4 8. Nxd4 Bd7 9. Bb2 Nc6 10. Nc3 Be7 11. Nf3 O-O 12. Rc1 Rc8 13. Qe2 Qa5 14. Rfd1 Rfd8 15. h3 b5 16. Bd3 Bb4 17. Ne4 Nd5 18. Nfg5 h6 19. Nxf7 Kxf7 20. Qh5+ Ke7 21. Bxg7 Be8 22. Qxh6 Kd7 23. Ng5 Nc3 24. Be4+ Nxd1 25. Qxe6+ Kc7 26. Rxc6+ Kb8 27. Rb6+ Ka7 28. Rb7+ Ka8 29. Rxb5+ 1-0

[Event "95th Caplin Hastings Congress"]
[Site "Hastings"]
[Date "2019.12.29"]
[Round "2.38"]
[White "Makkar, Rajat"]
[Black "Shivika Rohilla"]
[Result "0-1"]
[ECO "E01"]
[WhiteElo "2137"]
[BlackElo "1744"]
[Annotator "NA"]
[PlyCount "84"]
[EventDate "2019.12.28"]
[EventType "swiss"]
[EventCountry "ENG"]
[SourceTitle "playchess.com"]
[Source "ChessBase"]
[SourceQuality "1"]
[TimeControl "40/6600+30:3000+30"]

1. d4 d5 2. c4 e6 3. g3 Nf6 4. Bg2 a6 5. Qc2 Nbd7 6. Bf4 dxc4 7. Qxc4 c5 8. dxc5 Bxc5 9. b4 Ba7 10. Nf3 O-O 11. O-O Nb6 12. Qb3 Nbd5 13. Bc1 b5 14. Bb2 Bb7 15. Nbd2 Qe7 16. a3 Rac8 17. e3 Rfd8 18. Rfd1 Nb6 19. Bd4 Bd5 20. Qd3 Na4 21. Qf1 Nc3 22. Rdc1 Nfe4 23. Nxe4 Nxe4 24. Bxa7 Qxa7 25. Nd4 Nd2 26. Qe2 Bxg2 27. Kxg2 Qb7+ 28. Kg1 Nc4 29. Nb3 Ne5 30. Nd4 h6 31. Rc5 Rxc5 32. bxc5 Rxd4 33. exd4 Nf3+ 34. Kf1 Nxd4 35. f3 Nxe2 36. Kxe2 Qc6 37. Rc1 Kf8 38. Rc2 Ke7 39. f4 Qe4+ 40. Kd2 Kd7 41. Kc1 Kc6 42. Kb2 f6 0-1

[Event "95th Caplin Hastings Congress"]
[Site "Hastings"]
[Date "2019.12.29"]
[Round "2.39"]
[White "Merriman, James"]
[Black "Ryzhkov, Vjacheslav"]
[Result "0-1"]
[ECO "D35"]
[WhiteElo "1895"]
[BlackElo "2134"]
[Annotator "NA"]
[PlyCount "134"]
[EventDate "2019.12.28"]
[EventType "swiss"]
[EventCountry "ENG"]
[SourceTitle "playchess.com"]
[Source "ChessBase"]
[SourceQuality "1"]
[TimeControl "40/6600+30:3000+30"]

1. d4 e6 2. c4 d5 3. Nc3 Nf6 4. cxd5 exd5 5. Bg5 c6 6. e3 Qb6 7. Qb3 Ne4 8. Bf4 Bf5 9. Nge2 Na6 10. Nxe4 Bxe4 11. Nc3 Qxb3 12. axb3 Nb4 13. Kd2 Bc2 14. Ra3 Be7 15. Be2 O-O 16. Bd1 Bg6 17. Be2 Rfd8 18. Raa1 c5 19. Rac1 cxd4 20. exd4 Nc6 21. Nb5 Rac8 22. Be3 a6 23. Nc3 Bb4 24. Bd3 Na5 25. Bc2 Rc6 26. Bd1 Rdc8 27. Ke2 b5 28. Re1 Nb7 29. Bd2 Bxc3 30. Rxc3 Nd6 31. f3 Nf5 32. Rd3 Nh4 33. Rc3 Nxg2 34. Rxc6 Rxc6 35. Rg1 Nh4 36. Bc3 Re6+ 37. Kd2 Nf5 38. Re1 Rxe1 39. Kxe1 f6 40. Kf2 Kf7 41. f4 Nd6 42. Bf3 Be4 43. Bg4 Bc2 44. Bb4 Ne4+ 45. Ke3 Bxb3 46. Bc8 Bc4 47. Bxa6 f5 48. b3 Bxb3 49. Bxb5 Kf6 50. Bd3 Ke6 51. Bxe4 dxe4 52. Bf8 Kf7 53. Bd6 Kf6 54. Bc7 Kg6 55. h4 Kh5 56. Bd8 Kg4 57. Be7 Bd5 58. Bd8 h6 59. Be7 g5 60. fxg5 f4+ 61. Ke2 Bc4+ 62. Ke1 e3 63. gxh6 f3 64. h7 f2+ 65. Kd1 f1=Q+ 66. Kc2 Qd3+ 67. Kb2 Qxd4+ 0-1

[Event "95th Caplin Hastings Congress"]
[Site "Hastings"]
[Date "2019.12.29"]
[Round "2.40"]
[White "Patrick, Chaski"]
[Black "Kumar, Soham"]
[Result "1-0"]
[ECO "B95"]
[WhiteElo "2131"]
[BlackElo "1512"]
[Annotator "NA"]
[PlyCount "65"]
[EventDate "2019.12.28"]
[EventType "swiss"]
[EventCountry "ENG"]
[SourceTitle "playchess.com"]
[Source "ChessBase"]
[SourceQuality "1"]
[TimeControl "40/6600+30:3000+30"]

1. e4 c5 2. Nf3 d6 3. d4 cxd4 4. Nxd4 Nf6 5. Nc3 a6 6. Bg5 e6 7. Qf3 Be7 8. O-O-O Nbd7 9. Be2 O-O 10. Qg3 Re8 11. f4 Qc7 12. Bf3 Rb8 13. Rhe1 b5 14. e5 b4 15. Bxf6 Nxf6 16. exf6 Bxf6 17. Ne4 Be7 18. f5 e5 19. f6 Bf8 20. fxg7 Be7 21. Nc6 Rb6 22. Nxe7+ Qxe7 23. Qf2 Rb8 24. Rxd6 Kxg7 25. Nf6 Rh8 26. Qg3+ Kf8 27. Rxe5 Qxf6 28. Rxf6 Rb5 29. Rxf7+ Kxf7 30. Qf4+ Kg7 31. Qg5+ Kf7 32. Bh5+ Kf8 33. Re8# 1-0

[Event "95th Caplin Hastings Congress"]
[Site "Hastings"]
[Date "2019.12.29"]
[Round "2.41"]
[White "Akeya-Price, Robert"]
[Black "Persson, Andreas"]
[Result "1-0"]
[ECO "E05"]
[WhiteElo "1880"]
[BlackElo "2112"]
[Annotator "NA"]
[PlyCount "97"]
[EventDate "2019.12.28"]
[EventType "swiss"]
[EventCountry "ENG"]
[SourceTitle "playchess.com"]
[Source "ChessBase"]
[SourceQuality "1"]
[TimeControl "40/6600+30:3000+30"]

1. d4 Nf6 2. c4 e6 3. Nf3 d5 4. g3 Be7 5. Bg2 O-O 6. O-O dxc4 7. Qc2 a6 8. a4 Bd7 9. Qxc4 Bc6 10. Bf4 Bd6 11. Nc3 Bxf4 12. gxf4 a5 13. Ne5 Bxg2 14. Kxg2 Na6 15. e3 c6 16. Rfd1 Qe7 17. Rac1 Rfd8 18. Qb3 Nb4 19. Na2 Nbd5 20. Qc2 Ne8 21. Qd2 Nd6 22. Qe2 Nf5 23. Kh1 Qh4 24. Rg1 f6 25. Nd3 Rd7 26. Qg4 Qxg4 27. Rxg4 Ndxe3 28. fxe3 Nxe3 29. Nc5 Rd5 30. Rg3 Nf5 31. Rd3 Nxd4 32. Nxb7 Rb8 33. Nc3 Nb3 34. Nxd5 Nxc1 35. Ne7+ Kf8 36. Rd7 Ne2 37. Nxc6 Rc8 38. Nbxa5 Nxf4 39. b4 Nd5 40. b5 Nb6 41. Rd4 e5 42. Rh4 Ra8 43. Rxh7 Kf7 44. Rh4 Kg6 45. Kg2 Kg5 46. Rb4 Nd5 47. b6 Nxb4 48. b7 Rh8 49. Nxb4 1-0

[Event "95th Caplin Hastings Congress"]
[Site "Hastings"]
[Date "2019.12.29"]
[Round "2.42"]
[White "Pekin, Tolgay"]
[Black "Kumar, Sanjit S"]
[Result "1-0"]
[ECO "D02"]
[WhiteElo "2080"]
[BlackElo "1501"]
[Annotator "NA"]
[PlyCount "127"]
[EventDate "2019.12.28"]
[EventType "swiss"]
[EventCountry "ENG"]
[SourceTitle "playchess.com"]
[Source "ChessBase"]
[SourceQuality "1"]
[TimeControl "40/6600+30:3000+30"]

1. d4 d5 2. Bf4 Nf6 3. e3 e6 4. Nd2 c5 5. c3 Nc6 6. Bd3 Be7 7. Ngf3 O-O 8. Ne5 h6 9. h4 Nxe5 10. dxe5 Nd7 11. Qh5 f5 12. Qg6 Qe8 13. Qxe6+ Qf7 14. Qxf7+ Kxf7 15. Nf3 Ke6 16. c4 Nb6 17. cxd5+ Nxd5 18. Bc4 b6 19. O-O-O Bb7 20. Ng1 a6 21. Ne2 b5 22. Bb3 c4 23. Nd4+ Kf7 24. Bc2 Nxf4 25. exf4 Bxg2 26. Rhg1 Be4 27. Bxe4 fxe4 28. Nf5 g6 29. Nd6+ Bxd6 30. Rxd6 Rg8 31. Rgd1 Ra7 32. Kd2 Re8 33. Ke3 Ree7 34. Kxe4 a5 35. Rf6+ Kg7 36. Rdd6 g5 37. hxg5 hxg5 38. fxg5 b4 39. Rc6 Rac7 40. f4 c3 41. bxc3 bxc3 42. Kd3 Rxc6 43. Rxc6 Rf7 44. Rf6 Rc7 45. Kc2 Kg8 46. f5 Kg7 47. e6 Kg8 48. Rf7 Rxf7 49. exf7+ Kxf7 50. Kxc3 Kg7 51. Kb3 Kf7 52. Ka4 Kg7 53. Kxa5 Kf7 54. Kb5 Kg7 55. a4 Kf7 56. a5 Kg7 57. a6 Kf7 58. a7 Kg7 59. a8=Q Kf7 60. Qa7+ Ke8 61. g6 Kd8 62. Kc6 Ke8 63. Qf7+ Kd8 64. Qd7# 1-0

[Event "95th Caplin Hastings Congress"]
[Site "Hastings"]
[Date "2019.12.29"]
[Round "2.43"]
[White "Okhai, Shabir"]
[Black "Flynn, David"]
[Result "1-0"]
[ECO "C18"]
[WhiteElo "2103"]
[BlackElo "1853"]
[Annotator "NA"]
[PlyCount "73"]
[EventDate "2019.12.28"]
[EventType "swiss"]
[EventCountry "ENG"]
[SourceTitle "playchess.com"]
[Source "ChessBase"]
[SourceQuality "1"]
[TimeControl "40/6600+30:3000+30"]

1. e4 e6 2. d4 d5 3. Nc3 Bb4 4. e5 c5 5. a3 Bxc3+ 6. bxc3 Qc7 7. Bd3 b6 8. Qg4 f5 9. Qh5+ Qf7 10. Qf3 Ne7 11. Be3 Nec6 12. Qf4 cxd4 13. cxd4 Ba6 14. Bxa6 Nxa6 15. Nf3 Na5 16. Ng5 Qg6 17. h4 h6 18. Nf3 Rc8 19. Ra2 Qh5 20. Rh3 Kd7 21. Bd2 Nc4 22. Bc1 Nb8 23. Nd2 Nxd2 24. Bxd2 Rc4 25. f3 Nc6 26. c3 Qf7 27. g4 Ne7 28. h5 Rf8 29. g5 Ng8 30. Ke2 Qe7 31. Rg3 Qf7 32. gxh6 Nxh6 33. Rg6 Rg8 34. Ra1 Rc7 35. Rag1 Ke8 36. Qxh6 gxh6 37. Rxg8+ 1-0

[Event "95th Caplin Hastings Congress"]
[Site "Hastings"]
[Date "2019.12.29"]
[Round "2.44"]
[White "Butt, Laurence"]
[Black "Willson, Ollie"]
[Result "0-1"]
[ECO "A03"]
[WhiteElo "1694"]
[BlackElo "2082"]
[Annotator "NA"]
[PlyCount "118"]
[EventDate "2019.12.28"]
[EventType "swiss"]
[EventCountry "ENG"]
[SourceTitle "playchess.com"]
[Source "ChessBase"]
[SourceQuality "1"]
[TimeControl "40/6600+30:3000+30"]

1. d4 Nf6 2. e3 d5 3. f4 c5 4. Nf3 Bg4 5. Be2 Nc6 6. O-O e6 7. h3 Bxf3 8. Bxf3 Qc7 9. c3 cxd4 10. exd4 Bd6 11. Qe1 O-O 12. Na3 a6 13. Nc2 b5 14. a3 Na5 15. g3 Nc4 16. Kg2 a5 17. Ne3 Rab8 18. Nxc4 Qxc4 19. Be2 Qc6 20. Bd3 b4 21. axb4 axb4 22. Bd2 bxc3 23. Bxc3 Rb6 24. Kh2 g6 25. Qd2 Rfb8 26. Rac1 Qb7 27. Rc2 Ra8 28. Kg1 Ra2 29. g4 Ne4 30. Bxe4 dxe4 31. f5 Bf8 32. Qg5 exf5 33. gxf5 Qd5 34. h4 Ra8 35. h5 Bg7 36. Rd2 h6 37. Qg3 g5 38. Qe3 Rf6 39. Rdf2 Bf8 40. Kg2 Bd6 41. Kh3 Kh7 42. Re2 Rxf5 43. Rxf5 Qxf5+ 44. Kg2 Qg4+ 45. Kf1 f5 46. d5 Ra1+ 47. Re1 Rxe1+ 48. Bxe1 Qxh5 49. Qa7+ Kg6 50. Qb6 Qh1+ 51. Kf2 Qh2+ 52. Kf1 Kh5 53. Qd4 Qh1+ 54. Qg1 Qf3+ 55. Qf2 Kg4 56. Qxf3+ Kxf3 57. b4 e3 58. b5 Bh2 59. Bf2 exf2 0-1

[Event "95th Caplin Hastings Congress"]
[Site "Hastings"]
[Date "2019.12.29"]
[Round "2.45"]
[White "Elwin, Adrian G"]
[Black "Khoo-Thwe, Louis"]
[Result "1-0"]
[ECO "E51"]
[WhiteElo "1986"]
[BlackElo "1690"]
[Annotator "NA"]
[PlyCount "73"]
[EventDate "2019.12.28"]
[EventType "swiss"]
[EventCountry "ENG"]
[SourceTitle "playchess.com"]
[Source "ChessBase"]
[SourceQuality "1"]
[TimeControl "40/6600+30:3000+30"]

1. d4 Nf6 2. c4 e6 3. Nf3 d5 4. Nc3 Bb4 5. Bd2 O-O 6. e3 a6 7. a3 Bxc3 8. Bxc3 Nbd7 9. Bd3 dxc4 10. Bxc4 b5 11. Bd3 c5 12. Rc1 c4 13. Bb1 Bb7 14. Qe2 Ne4 15. Bb4 Re8 16. Nd2 Nxd2 17. Bxd2 e5 18. Bc3 exd4 19. Bxd4 Qh4 20. Rd1 Bxg2 21. Rg1 Qxh2 22. Kd2 Ne5 23. Bxe5 Qxe5 24. Ke1 Be4 25. f4 Qf6 26. Bxe4 Rxe4 27. Rg3 Qh4 28. Qf2 Rae8 29. Rxg7+ Kxg7 30. Qxh4 Rxe3+ 31. Kf1 Rf3+ 32. Kg2 Rb3 33. Qg5+ Kh8 34. Qf6+ Kg8 35. Rg1 Rbe3 36. Kf2+ Kf8 37. Qg7+ 1-0

[Event "95th Caplin Hastings Congress"]
[Site "Hastings"]
[Date "2019.12.29"]
[Round "2.46"]
[White "Damodaran, Patrick"]
[Black "McNally, Richard J E"]
[Result "0-1"]
[ECO "A11"]
[WhiteElo "1388"]
[BlackElo "1967"]
[Annotator "NA"]
[PlyCount "98"]
[EventDate "2019.12.28"]
[EventType "swiss"]
[EventCountry "ENG"]
[SourceTitle "playchess.com"]
[Source "ChessBase"]
[SourceQuality "1"]
[TimeControl "40/6600+30:3000+30"]

1. c4 e5 2. g3 c6 3. Bg2 d5 4. cxd5 cxd5 5. d3 Nf6 6. Nf3 Nc6 7. O-O Be7 8. Bg5 O-O 9. Nc3 d4 10. Bxf6 Bxf6 11. Ne4 Be7 12. Rc1 Qb6 13. Rb1 Be6 14. b3 f6 15. Ned2 Nb4 16. a3 Nd5 17. Nc4 Qa6 18. Qc2 b5 19. Nb2 Rac8 20. Qd2 Qxa3 21. Nd1 Bb4 22. Qb2 Nc3 23. Kh1 Nxb1 24. Qxb1 Rc1 25. Qb2 Rxd1 26. Qxa3 Rxf1+ 27. Bxf1 Bxa3 28. h4 Bxb3 29. Bh3 Bd5 30. Kh2 Bxf3 31. Be6+ Kh8 32. exf3 Rb8 33. Bb3 a5 34. f4 a4 35. Ba2 b4 36. fxe5 fxe5 37. f4 exf4 38. gxf4 b3 39. Bb1 Rc8 40. f5 Rc1 41. f6 gxf6 42. h5 Rxb1 43. h6 Rf1 44. Kg2 Rf4 45. Kg3 Bd6 46. Kh3 b2 47. Kg2 b1=Q 48. Kh2 Rf3+ 49. Kg2 Qf1# 0-1

[Event "95th Caplin Hastings Congress"]
[Site "Hastings"]
[Date "2019.12.29"]
[Round "2.47"]
[White "Fryer, David W"]
[Black "Zheng, Harry Z"]
[Result "1-0"]
[ECO "C29"]
[WhiteElo "1913"]
[BlackElo "1705"]
[Annotator "NA"]
[PlyCount "47"]
[EventDate "2019.12.28"]
[EventType "swiss"]
[EventCountry "ENG"]
[SourceTitle "playchess.com"]
[Source "ChessBase"]
[SourceQuality "1"]
[TimeControl "40/6600+30:3000+30"]

1. e4 e5 2. f4 d5 3. exd5 exf4 4. Nf3 Nf6 5. Bc4 Bd6 6. O-O O-O 7. d4 Nbd7 8. Nc3 Nb6 9. Bb3 Re8 10. Ne5 Bxe5 11. dxe5 Rxe5 12. Bxf4 Rf5 13. g4 Nxg4 14. Qxg4 Rxd5 15. Qg3 Rf5 16. Rad1 Qe7 17. Rfe1 Be6 18. Ne4 Bxb3 19. axb3 c6 20. Nd6 Qf6 21. Nxf5 Qxf5 22. Qg5 Qxc2 23. Rd8+ Rxd8 24. Qxd8# 1-0

[Event "95th Caplin Hastings Congress"]
[Site "Hastings"]
[Date "2019.12.29"]
[Round "2.48"]
[White "Garnett, John S"]
[Black "Ruane, Brendan J"]
[Result "0-1"]
[ECO "B00"]
[WhiteElo "1865"]
[BlackElo "1882"]
[Annotator "NA"]
[PlyCount "64"]
[EventDate "2019.12.28"]
[EventType "swiss"]
[EventCountry "ENG"]
[SourceTitle "playchess.com"]
[Source "ChessBase"]
[SourceQuality "1"]
[TimeControl "40/6600+30:3000+30"]

1. e4 b6 2. d4 Bb7 3. Nc3 e6 4. a3 g6 5. Nf3 Bg7 6. Bd3 Ne7 7. O-O d6 8. Bf4 Nd7 9. Qd2 h6 10. Rad1 a6 11. Qc1 g5 12. Be3 Ng6 13. Ne2 Qe7 14. c3 O-O-O 15. Qc2 Kb8 16. a4 Nf4 17. Nxf4 gxf4 18. Bxf4 e5 19. dxe5 dxe5 20. Bg3 Bf6 21. Nd2 h5 22. f3 h4 23. Bf2 Rdg8 24. Kh1 Bg5 25. Nc4 Bf4 26. Ne3 Bxe3 27. Bxe3 Nf6 28. b4 Nh5 29. Qe2 Ng3+ 30. hxg3 hxg3+ 31. Kg1 Qh4 32. Rfe1 Qh1# 0-1

[Event "95th Caplin Hastings Congress"]
[Site "Hastings"]
[Date "2019.12.29"]
[Round "2.49"]
[White "Varney, Zoe"]
[Black "Zheng, Jerry Z"]
[Result "0-1"]
[ECO "C01"]
[WhiteElo "2004"]
[BlackElo "1565"]
[Annotator "NA"]
[PlyCount "120"]
[EventDate "2019.12.28"]
[EventType "swiss"]
[EventCountry "ENG"]
[SourceTitle "playchess.com"]
[Source "ChessBase"]
[SourceQuality "1"]
[TimeControl "40/6600+30:3000+30"]

1. e4 e6 2. d4 d5 3. exd5 exd5 4. Nf3 Nc6 5. Be3 Bd6 6. Nbd2 Nge7 7. c3 O-O 8. Bd3 Bf5 9. Qc2 Qd7 10. O-O-O b5 11. g4 Bxd3 12. Qxd3 Na5 13. Rdg1 Nc4 14. Ng5 g6 15. h4 Qc6 16. h5 h6 17. hxg6 hxg5 18. g7 Kxg7 19. Qh7+ Kf6 20. Qh6+ Ng6 21. Qxg5+ Kg7 22. Rh7+ Kxh7 23. Qh6+ Kg8 24. Rh1 Rfe8 25. Bg5 Re6 26. f4 Be7 27. Bxe7 Rxe7 28. f5 Qf6 29. Qh7+ Kf8 30. fxg6 Qxg6 31. Qxg6 fxg6 32. Nxc4 Rae8 33. Ne5 Re6 34. Rf1+ Ke7 35. Rf7+ Kd8 36. Rd7+ Kc8 37. Rg7 Kb7 38. Rxg6 Rxg6 39. Nxg6 Re2 40. Ne5 Rg2 41. Kb1 Kb6 42. a3 a5 43. Kc1 b4 44. axb4 axb4 45. cxb4 Kb5 46. Kd1 Rxb2 47. g5 Rxb4 48. Nf3 Rb2 49. Ke1 Kc4 50. Kf1 Kd3 51. g6 Ke3 52. Ne5 Rb8 53. Kg2 Rg8 54. Kg3 Kxd4 55. Nf3+ Ke4 56. Nh4 c5 57. Kg4 c4 58. Kg5 c3 59. Kf6 c2 60. Kf7 Rxg6 0-1

[Event "95th Caplin Hastings Congress"]
[Site "Hastings"]
[Date "2019.12.29"]
[Round "2.50"]
[White "Sandhu, Manvith"]
[Black "Sugden, John N"]
[Result "1/2-1/2"]
[ECO "B12"]
[WhiteElo "1673"]
[BlackElo "2065"]
[Annotator "NA"]
[PlyCount "43"]
[EventDate "2019.12.28"]
[EventType "swiss"]
[EventCountry "ENG"]
[SourceTitle "playchess.com"]
[Source "ChessBase"]
[SourceQuality "1"]
[TimeControl "40/6600+30:3000+30"]

1. e4 c6 2. d4 d5 3. e5 Bf5 4. Nf3 e6 5. Be2 c5 6. Be3 Nd7 7. c3 Ne7 8. O-O c4 9. Re1 Nc6 10. Qc1 Be7 11. h3 b5 12. Bd1 Nb6 13. Bc2 Bxc2 14. Qxc2 Qd7 15. Nbd2 Rc8 16. Nf1 b4 17. Bd2 bxc3 18. bxc3 Na5 19. Rab1 Qa4 20. Qxa4+ Nxa4 21. Rb5 Nc6 22. Reb1 1/2-1/2